 Dungeon Sprint DCSS version 0.18-a0-1788-g92de1ac (webtiles) character file.

521751 Moloch the Archmage (level 21, -14/173 HPs)
             Began as a Deep Elf Air Elementalist on Apr 19, 2016.
             Was the Champion of Vehumet.
             Killed from afar by Lom Lobon (52 damage)
             ... with a great icy blast
             ... in the Dungeon (Sprint IX: "|||||||||||||||||||||||||||||").
             The game lasted 00:56:04 (13222 turns).

Moloch the Archmage (Deep Elf Air Elementalist)    Turns: 13222, Time: 00:56:05

Health: -14/173    AC: 16    Str:  5    XL:     21   Next: 48%
Magic:  9/54       EV: 23    Int: 37    God:    Vehumet [******]
Gold:   1923       SH: 23    Dex: 10    Spells: 12 memorised, 5 levels left

rFire  + . .     SeeInvis +     n - staff of energy
rCold  + + .     Gourm    .     J - +2 robe {rC+ rF+}
rNeg   + + +     Faith    .     s - +0 large shield {rN+}
rPois  +         Spirit   .     D - +0 helmet
rElec  +         Dismiss  .     h - +0 cloak
rCorr  .         Reflect  .     a - +3 pair of gauntlets of War {Slay+5}
SustAt .         Harm     +     Q - +2 pair of boots
MR     +....     NoTele   +     b - amulet of harm
Stlth  ++........               M - ring "Wazisoo" {rF+ rN++ EV-3 Int+4 Dex-5}
                                G - ring of Contentment {Ice rElec rPois MR- SInv}

@: silenced, somewhat resistant to hostile enchantments, unstealthy
A: hooves 2, repulsion field 1, yellow scales 1, clever 1, sense surroundings 1,
robust 1, evolution 1, MP-powered wands
a: Renounce Religion
}: 9/15 runes: decaying, serpentine, barnacled, slimy, elven, silver, golden,
abyssal, gossamer


You were in the Dungeon.
You worshipped Vehumet.
Vehumet was exalted by your worship.
You were completely stuffed.

You visited 1 branch You collected 1923 gold pieces.

Inventory:

Hand Weapons
 o - a +2 halberd of protection
 p - a +2 rapier of venom
 q - a +2 scimitar of flaming
Armour
 a - the +3 pair of gauntlets of War (worn) {Slay+5}
   (You found it in the Dungeon)

   It affects your accuracy and damage with ranged weapons and melee attacks
   (+5).
 h - a +0 cloak (worn)
 s - a +0 large shield of positive energy (worn)
 D - a +0 helmet (worn)
 J - a +2 robe of resistance (worn)
 Q - a +2 pair of boots (worn)
Magical Staves
 n - an uncursed staff of energy (weapon)
Jewellery
 b - an amulet of harm (around neck)
 G - the ring of Contentment (left hand) {Ice rElec rPois MR- SInv}
   (You found it in the Dungeon)

   [ring of ice]

   It enhances your ice magic, and weakens your fire magic.
   It makes you vulnerable to fire.
   It protects you from cold.
   It insulates you from electricity.
   It protects you from poison.
   It affects your resistance to hostile enchantments.
   It lets you see invisible.
 L - a +6 ring of strength
 M - the ring "Wazisoo" (right hand) {rF+ rN++ EV-3 Int+4 Dex-5}
   (You found it in the Dungeon)

   [ring of evasion]

   It affects your evasion (-3).
   It affects your intelligence (+4).
   It affects your dexterity (-5).
   It protects you from fire.
   It greatly protects you from negative energy.
 N - a +6 ring of intelligence
 P - the ring of Divine Intervention {rPois rF+}
   (You found it in the Dungeon)

   [ring of protection from fire]

   It protects you from fire.
   It protects you from poison.
Wands
 m - a wand of iceblast (7/15)
 S - a wand of hasting (5/9)
Scrolls
 i - a scroll of blinking
 k - 6 scrolls of remove curse
 l - a scroll of amnesia
 x - 10 scrolls of enchant armour
 y - 4 scrolls of fog
 z - 8 scrolls of enchant weapon
 H - a scroll of fear
 I - 3 scrolls of recharging
 R - a scroll of identify
Potions
 d - 7 potions of curing
 e - 6 potions of heal wounds
 f - 5 potions of haste
 g - 3 potions of magic
 j - a potion of invisibility
 r - a potion of agility
 t - a potion of beneficial mutation {unknown}
 u - a potion of resistance
 v - 6 potions of cure mutation
 A - 3 potions of brilliance
 E - 2 potions of berserk rage
 F - 2 potions of might
 K - a potion of ambrosia {unknown}
Books
 w - a book of Enchantments

   Spells                             Type                      Level
   a - Cause Fear                     Hexes                        4
   b - Yara's Violent Unravelling     Hexes/Transmutation          5
   c - Silence                        Hexes/Air                    5
   d - Deflect Missiles               Charms/Air                   6
   e - Haste                          Charms                       6
   f - Discord                        Hexes                        8
 O - a book of the Earth

   Spells                             Type                      Level
   a - Leda's Liquefaction            Hexes/Earth                  4
   b - Bolt of Magma                  Conjuration/Fire/Earth       5
   c - Statue Form                    Transmutation/Earth          6
   d - Iron Shot                      Conjuration/Earth            6
   e - Shatter                        Earth                        9
Comestibles
 c - 9 bread rations
 B - 13 meat rations


   Skills:
 * Level 25.0 Fighting
 * Level 7.0 Armour
 O Level 27 Dodging
 - Level 2.4 Stealth
 O Level 27 Shields
 O Level 27 Spellcasting
 O Level 27 Conjurations
 O Level 27 Charms
 O Level 27 Ice Magic
 O Level 27 Air Magic
 - Level 17.0 Earth Magic
 O Level 27 Evocations


You had 5 spell levels left.
You knew the following spells:

 Your Spells              Type           Power        Failure   Level  Hunger
a - Shatter               Erth           ########..   8%          9    None
c - Swiftness             Chrm/Air       ########     0%          2    None
d - Magic Dart            Conj           ####         0%          1    None
e - Lightning Bolt        Conj/Air       ########..   0%          5    None
f - Throw Frost           Conj/Ice       ######       0%          2    None
g - Haste                 Chrm           ########     0%          6    None
h - Bolt of Draining      Conj/Necr      #######...   1%          5    None
i - Spellforged Servitor  Conj/Summ      #######...   1%          7    None
j - Tornado               Air            ########..   1%          9    None
k - Glaciate              Conj/Ice       #########.   1%          9    None
l - Deflect Missiles      Chrm/Air       ########..   0%          6    None
m - Chain Lightning       Conj/Air       ########..   1%          8    None


Dungeon Overview and Level Annotations

Branches:
Dungeon (1/1)

Altars:
Cheibriados
Dithmenos
Elyvilon
Fedhas
Gozag
Kikubaaqudgha
Makhleb
Nemelex Xobeh
Okawaru
Pakellas
Qazlal
Ru
Sif Muna
Trog
Vehumet
Xom
Yredelemnul
Zin
The Shining One
Beogh
Jiyva
Lugonu

Shops:
D **}!

Annotations:
D Ereshkigal, Lom Lobon, Mnoleg


Innate Abilities, Weirdness & Mutations

You have hoof-like feet.
You are surrounded by a mild repulsion field (EV +2).
You are partially covered in yellow scales (AC +2).
Your mind is acute. (Int +2)
You passively map a small area around you.
You are robust (+10% HP).
You evolve.
You expend magic power (3 MP) to strengthen your wands.


Message History

Evoke which item? (* to show all) (? for menu, Esc to quit)
You channel some magical energy.
You feel slightly less full.
The winds around Lom Lobon start to calm down.
Ereshkigal is engulfed in freezing vapours.
Evoke which item? (* to show all) (? for menu, Esc to quit)
You channel some magical energy.
You feel slightly less full.
Ereshkigal is engulfed in freezing vapours. x2
Ereshkigal gestures.
Ereshkigal's surroundings become eerily quiet.
Unknown command.
Unknown command.
Ereshkigal is engulfed in freezing vapours.
Ereshkigal is engulfed in freezing vapours.
Ereshkigal is engulfed in freezing vapours.
Ereshkigal gestures.
Ereshkigal's surroundings become eerily quiet.
Lom Lobon gestures at you.
Lom Lobon conjures a mighty blast of ice!
The great icy blast engulfs you! You partially resist.
You die...

▓§▓.▓.▓.▓.▓.▓.▓.▓.
▓§▓.▓.▓.▓.▓.▓.▓.▓)
▓.▓.▓.▓.▓.▓.▓'▓.▓.
▓.▓.▓.▓.▓)▓.▓.▓.▓)
▓&▓.▓.▓.▓.▓.▓.▓.▓.
▓&▓.▓.▓.▓)▓.▓.▓.▓.
▓§▓.▓'▓.▓)▓.▓.▓.▓.
▓§▓.▓.▓.▓)▓.▓.▓.▓.
▓@▓.▓.▓.▓'▓.▓.▓.▓'
▓.▓.▓.▓.▓.▓.▓.▓.▓.
▓.▓.▓.▓.▓.▓.▓.▓.▓.
▓...▓...▓...▓...▓.
▓▓▓▓▓▓▓▓▓▓▓▓▓▓▓▓▓▓


You could see Lom Lobon and Ereshkigal.

Vanquished Creatures
  the Royal Jelly (D)
  Mennas (D)
  Mara (D)
  4 ancient liches (D)
  4 orbs of fire (D)
  3 greater mummies (D)
  Frederick (D)
  Norris (D)
  A Killer Klown (D)
  Geryon (D)
  3 golden dragons (D)
  Xtahua (D)
  3 electric golems (D)
  2 tentacled monstrosities (D)
  30 Orb Guardians (D)
  2 liches (D)
  5 deep elf blademasters (D)
  2 titans (D)
  A death cob (D)
  A deep elf master archer (D)
  12 sphinxes (D)
  2 thorn hunters (D)
  12 acid blobs (D)
  Kirke (D)
  Ilsuiw (D)
  6 azure jellies (D)
  7 shadow dragons (D)
  3 draconian monks (D)
  3 storm dragons (D)
  3 greater nagas (D)
  A frost giant (D)
  2 draconian knights (D)
  4 fire giants (D)
  3 deep elf sorcerers (D)
  Louise (D)
  2 vault wardens (D)
  A ghost moth (D)
  A draconian shifter (D)
  6 emperor scorpions (D)
  2 draconian callers (D)
  2 draconian annihilators (D)
  3 ironheart preservers (D)
  A very ugly thing (D)
  A salamander stormcaller (D)
  A starcursed mass (D)
  Nessos (D)
  2 stone giants (D)
  A deep elf annihilator (D)
  8 vampire knights (D)
  4 green draconians (D)
  A yellow draconian (D)
  A deep elf demonologist (D)
  4 black draconians (D)
  2 spark wasps (D)
  A mottled draconian (D)
  4 white draconians (D)
  5 purple draconians (D)
  5 death oozes (D)
  An ettin (D)
  6 merfolk javelineers (D)
  25 vault guards (D)
  2 red draconians (D)
  6 mummy priests (D)
  3 merfolk impalers (D)
  4 fire dragons (D)
  3 deep elf high priests (D)
  2 yaktaur captains (D)
  3 entropy weavers (D)
  3 naga warriors (D)
  4 great orbs of eyes (D)
  2 ogre magi (D)
  4 ice dragons (D)
  5 hydras (D)
  A spriggan air mage (D)
  2 merfolk aquamancers (D)
  A merfolk avatar (D)
  A centaur warrior (D)
  3 catoblepae (D)
  2 anacondas (D)
  A tengu warrior (D)
  3 death yaks (D)
  A shock serpent (D)
  2 spriggan berserkers (D)
  A thrashing horror (D)
  Nergalle (D)
  Sonja (D)
  A fire crab (D)
  4 deep trolls (D)
  An unseen horror (D)
  2 sea snakes (D)
  A spriggan druid (D)
  12 swamp dragons (D)
  3 ironbrand convokers (D)
  A shadow demon (D)
  A flayed ghost (D)
  6 hill giants (D)
  2 harpies (D)
  A deep elf archer (D)
  6 orc knights (D)
  A mana viper (D)
  2 ugly things (D)
  2 wolf spiders (D)
  A manticore (D)
  An orb spider (D)
  A cyclops (D)
  11 moths of wrath (D)
  2 hornets (D)
  A faun (shapeshifter) (D)
  4 guardian serpents (D)
  An octopode (shapeshifter) (D)
  A salamander (D)
  A siren (D)
  3 naga magi (D)
  3 black mambas (D)
  4 vault sentinels (D)
  A spiny frog (D)
  3 yaktaurs (D)
  An efreet (D)
  A kobold demonologist (D)
  2 demonic crawlers (D)
  2 freezing wraiths (D)
  A queen bee (shapeshifter) (D)
  19 guardian mummies (D)
  A jumping spider (D)
  A wandering mushroom (D)
  6 trolls (D)
  A snapping turtle (D)
  2 boulder beetles (D)
  2 water elementals (D)
  5 redbacks (D)
  2 wraiths (D)
  11 spriggans (D)
  A wyvern (D)
  2 large abominations (D)
  A golden eye (D)
  4 yaks (D)
  A basilisk (D)
  A golden eye (shapeshifter) (D)
  A human (shapeshifter) (D)
  3 hogs (D)
  2 vampire mosquitoes (D)
  A naga (D)
  A mottled dragon (D)
  A warg (D)
  A soldier ant (shapeshifter) (D)
  A giant eyeball (D)
  2 water moccasins (D)
  3 porcupines (D)
  2 swamp drakes (D)
  7 orc warriors (D)
  A sky beast (D)
  2 wasps (D)
  2 eyes of draining (D)
  A boggart (D)
  A centaur (D)
  3 crocodiles (D)
  3 giant frogs (D)
  2 small abominations (D)
  A killer bee (D)
  A wight (D)
  A quasit (D)
  4 orc priests (D)
  4 orc wizards (D)
  3 iguanas (D)
  2 worker ants (D)
  A gnoll (D)
  2 shadow imps (D)
  An ufetubus (D)
  An adder zombie (D)
  An adder skeleton (D)
  2 ball lightnings (D)
  14 orcs (D)
  A hobgoblin (D)
  A bat (D)
  A giant cockroach zombie (D)
  2 giant newts (D)
  A jackal simulacrum (D)
  A kobold (D)
  27 blocks of ice (D)
  A briar patch (D)
545 creatures vanquished.

Vanquished Creatures (collateral kills)
  Saint Roka (D)
  Frances (D)
  An orc (D)
3 creatures vanquished.

Vanquished Creatures (others)
  137 blocks of ice (D)
  2 briar patches (D)
139 creatures vanquished.

Grand Total: 687 creatures vanquished

Notes
Turn   | Place    | Note
--------------------------------------------------------------
     0 | D        | Moloch the Deep Elf Air Elementalist began the quest for the Orb.
     0 | D        | Reached XP level 1. HP: 10/10 MP: 6/6
    47 | D        | Noticed an iguana
    47 | D        | Noticed a quasit
    47 | D        | Noticed an orc wizard
    51 | D        | Reached XP level 2. HP: 15/15 MP: 3/9
    52 | D        | Reached skill level 5 in Air Magic
    53 | D        | Reached skill level 5 in Spellcasting
    53 | D        | Reached XP level 3. HP: 17/19 MP: 1/11
    54 | D        | Reached XP level 4. HP: 19/24 MP: 0/14
   325 | D        | Found a glowing silver altar of Zin.
   325 | D        | Found a glowing golden altar of the Shining One.
   325 | D        | Found an ancient bone altar of Kikubaaqudgha.
   325 | D        | Found a basalt altar of Yredelemnul.
   325 | D        | Found a shimmering altar of Xom.
   325 | D        | Found a radiant altar of Vehumet.
   326 | D        | Found an iron altar of Okawaru.
   327 | D        | Found a burning altar of Makhleb.
   328 | D        | Found a deep blue altar of Sif Muna.
   329 | D        | Found a bloodstained altar of Trog.
   330 | D        | Found a sparkling altar of Nemelex Xobeh.
   331 | D        | Found a white marble altar of Elyvilon.
   332 | D        | Found a roughly hewn altar of Beogh.
   333 | D        | Became a worshipper of Vehumet
   338 | D        | Learned a level 3 spell: Static Discharge
   341 | D        | Learned a level 2 spell: Swiftness
   341 | D        | Found a viscous altar of Jiyva.
   342 | D        | Found a corrupted altar of Lugonu.
   343 | D        | Found a blossoming altar of Fedhas.
   344 | D        | Found a snail-covered altar of Cheibriados.
   345 | D        | Found a shadowy altar of Dithmenos.
   346 | D        | Found a stormy altar of Qazlal.
   347 | D        | Found an opulent altar of Gozag.
   348 | D        | Found a sacrificial altar of Ru.
   349 | D        | Found an oddly glowing altar of Pakellas.
   391 | D        | Noticed a sky beast
   391 | D        | Noticed a wasp
   394 | D        | Reached skill level 5 in Conjurations
   397 | D        | Killed a wasp
   397 | D        | Reached * piety under Vehumet
   397 | D        | Offered knowledge of Magic Dart by Vehumet.
   397 | D        | Reached XP level 5. HP: 23/28 MP: 9/17
   399 | D        | Reached XP level 6. HP: 25/32 MP: 10/19
   526 | D        | Learned a level 1 spell: Magic Dart
   532 | D        | Learned a level 5 spell: Lightning Bolt
   544 | D        | Killed a sky beast
   544 | D        | Reached ** piety under Vehumet
   544 | D        | Offered knowledge of Throw Frost by Vehumet.
   544 | D        | Reached skill level 10 in Air Magic
   548 | D        | Gained mutation: You are surrounded by a mild repulsion field (EV +2). [mutagenic meat]
   549 | D        | Gained mutation: You evolve. [mutagenic meat]
   551 | D        | Gained mutation: You are robust (+10% HP). [mutagenic meat]
   552 | D        | Gained mutation: You passively map a small area around you. [mutagenic meat]
   553 | D        | Gained mutation: You expend magic power (3 MP) to strengthen your wands. [mutagenic meat]
   583 | D        | Learned a level 2 spell: Throw Frost
   673 | D        | Noticed a brown ugly thing
   673 | D        | Noticed a wraith
   673 | D        | Noticed a tengu warrior
   673 | D        | Noticed a troll
   675 | D        | Killed a wraith
   675 | D        | Offered knowledge of Inner Flame by Vehumet.
   675 | D        | Reached skill level 10 in Spellcasting
   675 | D        | Reached XP level 7. HP: 39/39 MP: 11/22
   676 | D        | Killed a troll
   676 | D        | Reached *** piety under Vehumet
   676 | D        | Killed a tengu warrior
   676 | D        | Reached skill level 10 in Conjurations
   676 | D        | Reached XP level 8. HP: 38/45 MP: 8/26
   677 | D        | Killed a brown ugly thing
   897 | D        | Offered knowledge of Stone Arrow by Vehumet.
   898 | D        | Reached **** piety under Vehumet
   898 | D        | Reached XP level 9. HP: 49/49 MP: 18/28
   900 | D        | Reached ***** piety under Vehumet
   985 | D        | Learned a level 6 spell: Haste
   985 | D        | Noticed an eight-headed hydra
   985 | D        | Noticed a spiny frog
   985 | D        | Noticed a six-headed hydra
   986 | D        | Reached skill level 1 in Charms
   986 | D        | Reached skill level 15 in Air Magic
   987 | D        | Killed a six-headed hydra
   987 | D        | Reached skill level 15 in Spellcasting
   987 | D        | Killed an eight-headed hydra
   987 | D        | Reached skill level 5 in Charms
   987 | D        | Reached XP level 10. HP: 53/55 MP: 30/32
   987 | D        | Reached ****** piety under Vehumet
   988 | D        | Killed a spiny frog
  1037 | D        | Noticed a death yak
  1037 | D        | Noticed a catoblepas
  1037 | D        | Noticed a catoblepas
  1037 | D        | Noticed a death yak
  1041 | D        | Killed a death yak
  1042 | D        | Killed a catoblepas
  1043 | D        | Killed a death yak
  1043 | D        | Killed a catoblepas
  1043 | D        | Killed a catoblepas
  1043 | D        | Reached XP level 11. HP: 56/59 MP: 25/35
  1044 | D        | Noticed a death yak
  1046 | D        | Killed a death yak
  1046 | D        | Reached skill level 10 in Charms
  1286 | D        | Noticed an orc knight
  1287 | D        | Offered knowledge of Bolt of Draining by Vehumet.
  1291 | D        | Killed an orc knight
  1291 | D        | Reached skill level 1 in Ice Magic
  1323 | D        | Learned a level 5 spell: Bolt of Draining
  1367 | D        | Offered knowledge of Spellforged Servitor by Vehumet.
  1368 | D        | Noticed an orc knight
  1370 | D        | Noticed an orc knight
  1372 | D        | Killed an orc knight
  1404 | D        | Killed an orc knight
  1623 | D        | Learned a level 7 spell: Spellforged Servitor
  1659 | D        | Found Zuymoh's Distillery.
  1659 | D        | Noticed a deep troll
  1659 | D        | Noticed a deep troll
  1659 | D        | Noticed a hill giant
  1661 | D        | Noticed a stone giant
  1663 | D        | Killed a hill giant
  1663 | D        | Offered knowledge of Airstrike by Vehumet.
  1663 | D        | Killed a deep troll
  1665 | D        | Killed a deep troll
  1667 | D        | Killed a stone giant
  1667 | D        | Reached skill level 5 in Ice Magic
  1696 | D        | Noticed a deep troll
  1696 | D        | Noticed a deep troll
  1698 | D        | Killed a deep troll
  1699 | D        | Killed a deep troll
  1701 | D        | Noticed a hill giant
  1705 | D        | Killed a hill giant
  1705 | D        | Reached XP level 12. HP: 25/64 MP: 15/39
  1869 | D        | Found Tuzorph's Gadget Shop.
  1873 | D        | Found Ugiahap's General Store.
  1877 | D        | Found Ewod's Assorted Antiques.
  1966 | D        | Noticed Sonja
  1973 | D        | Killed Sonja
  2111 | D        | Offered knowledge of Poisonous Cloud by Vehumet.
  2113 | D        | Noticed a stone giant
  2116 | D        | Killed a stone giant
  2116 | D        | Reached skill level 15 in Conjurations
  2117 | D        | Noticed a cyan very ugly thing
  2161 | D        | Killed a cyan very ugly thing
  2263 | D        | Noticed a fire giant
  2267 | D        | Killed a fire giant
  2289 | D        | Noticed a fire giant
  2292 | D        | Killed a fire giant
  2393 | D        | Offered knowledge of Bolt of Magma by Vehumet.
  2400 | D        | Noticed a fire giant
  2402 | D        | Killed a fire giant
  2549 | D        | Noticed Saint Roka
  3131 | D        | Killed Saint Roka
  3131 | D        | Reached XP level 13. HP: 54/69 MP: 4/44
  3379 | D        | Noticed a thorn hunter
  3381 | D        | Offered knowledge of Conjure Ball Lightning by Vehumet.
  3383 | D        | Noticed a thorn hunter
  3383 | D        | Reached skill level 10 in Ice Magic
  3384 | D        | Killed a thorn hunter
  3388 | D        | Killed a thorn hunter
  3586 | D        | Offered knowledge of Poison Arrow by Vehumet.
  3819 | D        | Noticed a spark wasp
  3821 | D        | Offered knowledge of Freezing Cloud by Vehumet.
  3825 | D        | Killed a spark wasp
  3825 | D        | Reached skill level 27 in Spellcasting
  3997 | D        | Gained mutation: You have large cloven feet. [evolution]
  4162 | D        | Offered knowledge of Glaciate by Vehumet.
  4162 | D        | Offered knowledge of Chain Lightning by Vehumet.
  4162 | D        | Offered knowledge of Tornado by Vehumet.
  4645 | D        | Noticed Frances
  4855 | D        | Killed Frances
  4855 | D        | Reached XP level 14. HP: 74/74 MP: 34/47
  4909 | D        | Learned a level 9 spell: Tornado
  4919 | D        | Learned a level 9 spell: Glaciate
  4963 | D        | Noticed Nessos
  4978 | D        | Killed Nessos
  5182 | D        | Noticed a shadow dragon
  5183 | D        | Noticed a frost giant
  5186 | D        | Killed a shadow dragon
  5186 | D        | Reached skill level 15 in Ice Magic
  5190 | D        | Killed a frost giant
  5487 | D        | Learned a level 6 spell: Deflect Missiles
  5696 | D        | Reached skill level 1 in Fighting
  5714 | D        | Noticed a vault warden
  5718 | D        | Reached skill level 5 in Dodging
  5719 | D        | Killed a vault warden
  5762 | D        | Noticed a fire giant
  5769 | D        | Killed a fire giant
  5769 | D        | Reached skill level 1 in Evocations
  5819 | D        | Gained mutation: You have hoof-like feet. [evolution]
  5922 | D        | Noticed Kirke
  5926 | D        | Killed Kirke
  5926 | D        | Reached skill level 5 in Fighting
  5997 | D        | Noticed Frederick
  6002 | D        | Killed Frederick
  6002 | D        | Reached XP level 15. HP: 90/90 MP: 11/48
  6198 | D        | Noticed Louise
  6205 | D        | Killed Louise
  6321 | D        | Noticed Mennas
  6326 | D        | Noticed Mara
  6328 | D        | Killed Mennas
  6328 | D        | Reached skill level 5 in Evocations
  6481 | D        | Killed Mara
  6481 | D        | Reached skill level 10 in Dodging
  6790 | D        | Reached skill level 5 in Shields
  6842 | D        | Got a gossamer rune of Zot
  6850 | D        | Noticed a greater naga
  6854 | D        | Noticed a greater naga
  6859 | D        | Killed a greater naga
  6859 | D        | Killed a greater naga
  6872 | D        | Reached skill level 10 in Evocations
  6905 | D        | Noticed a greater naga
  6907 | D        | Killed a greater naga
  6946 | D        | Got a serpentine rune of Zot
  6962 | D        | Reached XP level 16. HP: 104/104 MP: 36/49
  7003 | D        | Got a decaying rune of Zot
  7100 | D        | Noticed Ilsuiw
  7117 | D        | Killed Ilsuiw
  7165 | D        | Noticed Xtahua
  7168 | D        | Killed Xtahua
  7177 | D        | Got a barnacled rune of Zot
  7257 | D        | Noticed Nergalle
  7259 | D        | Killed Nergalle
  7340 | D        | Reached skill level 10 in Fighting
  7504 | D        | Reached skill level 15 in Evocations
  7578 | D        | Noticed a shadow dragon
  7580 | D        | Reached skill level 15 in Dodging
  7587 | D        | Killed a shadow dragon
  7587 | D        | Reached skill level 27 in Ice Magic
  7633 | D        | Noticed a shadow dragon
  7633 | D        | Noticed a shadow dragon
  7637 | D        | Reached XP level 17. HP: 97/114 MP: 30/50
  7638 | D        | Reached skill level 10 in Shields
  8128 | D        | Learned a level 8 spell: Chain Lightning
  8275 | D        | Learned a level 9 spell: Shatter
  8288 | D        | Noticed a titan
  8288 | D        | Noticed a titan
  8289 | D        | Noticed an ancient lich
  8289 | D        | Killed a titan
  8290 | D        | Killed a titan
  8293 | D        | Noticed a tentacled monstrosity
  8294 | D        | Killed an ancient lich
  8305 | D        | Killed a tentacled monstrosity
  8390 | D        | Identified the Compendium of Creation and the Compass
  8395 | D        | Got a silver rune of Zot
  8534 | D        | Noticed Norris
  8539 | D        | Killed Norris
  8607 | D        | Got the ring of Besosot {rElec rPois Str+3}
  8611 | D        | Got the ring of Divine Intervention {rPois rF+}
  8616 | D        | Got the ring of Contentment {Ice rElec rPois MR- SInv}
  8621 | D        | Got the ring "Wazisoo" {rF+ rN++ EV-3 Int+4 Dex-5}
  8625 | D        | Got the ring "Komoe" {Wiz rF- rN+ Dex+4}
  8780 | D        | Reached skill level 1 in Earth Magic
  8832 | D        | Reached skill level 5 in Earth Magic
  8900 | D        | Reached skill level 27 in Conjurations
  9028 | D        | Noticed a golden dragon
  9039 | D        | Killed a golden dragon
  9039 | D        | Reached XP level 18. HP: 125/127 MP: 37/51
  9093 | D        | Noticed a golden dragon
  9104 | D        | Killed a golden dragon
  9201 | D        | Reached skill level 10 in Earth Magic
  9201 | D        | Reached skill level 15 in Fighting
  9363 | D        | Noticed an Orb Guardian
  9363 | D        | Noticed an Orb Guardian
  9363 | D        | Noticed an Orb Guardian
  9363 | D        | Noticed an Orb Guardian
  9363 | D        | Noticed an Orb Guardian
  9363 | D        | Noticed an Orb Guardian
  9364 | D        | Killed an Orb Guardian
  9364 | D        | Killed an Orb Guardian
  9364 | D        | Killed an Orb Guardian
  9368 | D        | Killed an Orb Guardian
  9368 | D        | Killed an Orb Guardian
  9370 | D        | Killed an Orb Guardian
  9371 | D        | Noticed an Orb Guardian
  9372 | D        | Noticed an Orb Guardian
  9373 | D        | Killed an Orb Guardian
  9374 | D        | Noticed an Orb Guardian
  9376 | D        | Killed an Orb Guardian
  9378 | D        | Noticed an Orb Guardian
  9379 | D        | Killed an Orb Guardian
  9379 | D        | Killed an Orb Guardian
  9407 | D        | Noticed an Orb Guardian
  9407 | D        | Noticed an Orb Guardian
  9408 | D        | Reached skill level 15 in Shields
  9409 | D        | Noticed an Orb Guardian
  9410 | D        | Killed an Orb Guardian
  9410 | D        | Killed an Orb Guardian
  9412 | D        | Noticed an Orb Guardian
  9419 | D        | Killed an Orb Guardian
  9420 | D        | Killed an Orb Guardian
  9481 | D        | Noticed an orb of fire
  9481 | D        | Noticed an ancient lich
  9483 | D        | Noticed an electric golem
  9483 | D        | Killed an orb of fire
  9484 | D        | Killed an ancient lich
  9484 | D        | Reached XP level 19. HP: 127/139 MP: 28/52
  9485 | D        | Killed an electric golem
  9529 | D        | Gained mutation: Your mind is acute. (Int +2) [evolution]
  9533 | D        | Noticed a golden dragon
  9533 | D        | Noticed an orb of fire
  9533 | D        | Noticed an ancient lich
  9535 | D        | Killed an ancient lich
  9535 | D        | Reached skill level 15 in Earth Magic
  9536 | D        | Noticed an orb of fire
  9539 | D        | Noticed an orb of fire
  9539 | D        | Killed an orb of fire
  9541 | D        | Killed an orb of fire
  9542 | D        | Killed an orb of fire
  9543 | D        | Noticed an electric golem
  9550 | D        | Killed a golden dragon
  9551 | D        | Killed an electric golem
  9596 | D        | Noticed a Killer Klown
  9608 | D        | Noticed an electric golem
  9608 | D        | Killed a Killer Klown
  9608 | D        | Reached skill level 27 in Evocations
  9618 | D        | Killed an electric golem
 10252 | D        | Reached XP level 20. HP: 149/149 MP: 40/53
 10377 | D        | Noticed an ancient lich
 10382 | D        | Killed an ancient lich
 10628 | D        | Reached skill level 27 in Shields
 10748 | D        | Got an elven rune of Zot
 10759 | D        | Reached skill level 15 in Charms
 10772 | D        | Reached skill level 27 in Air Magic
 10796 | D        | Noticed the Royal Jelly
 10797 | D        | Killed the Royal Jelly
 11136 | D        | Reached skill level 27 in Dodging
 11424 | D        | Got a slimy rune of Zot
 11513 | D        | Paralysed by a sphinx for 3 turns
 11516 | D        | Reached XP level 21. HP: 81/162 MP: 54/54
 12119 | D        | Noticed a greater mummy
 12119 | D        | Noticed a greater mummy
 12122 | D        | Killed a greater mummy
 12122 | D        | Reached skill level 27 in Charms
 12125 | D        | Killed a greater mummy
 12136 | D        | Noticed a greater mummy
 12190 | D        | Killed a greater mummy
 12490 | D        | Gained mutation: You are partially covered in yellow scales (AC +2). [evolution]
 12521 | D        | Got a golden rune of Zot
 12526 | D        | Reached skill level 1 in Armour
 12552 | D        | Reached skill level 5 in Armour
 12632 | D        | Got an abyssal rune of Zot
 12755 | D        | Noticed Geryon
 12758 | D        | Killed Geryon
 12836 | D        | Noticed Ereshkigal
 12846 | D        | Noticed Lom Lobon
 12847 | D        | Noticed Mnoleg
 13222 | D        | Killed from afar by Lom Lobon

Vault maps used:
D:        linesprint

Skill      XL: |  1  2  3  4  5  6  7  8  9 10 11 12 13 14 15 16 17 18 19 20 21 |
---------------+----------------------------------------------------------------+-----
Spellcasting   | 4 5 6 7 8 10 12 13 16 18 21 25 27 | 27.0
Conjurations   | 2 3 4 6 8 10 12 13 14 16 18 21 22 24 27 | 27.0
Air Magic      | 4 6 9 11 13 14 15 16 17 18 19 20 24 26 27 | 27.0
Charms         | 5 9 12 22 27 | 27.0
Ice Magic      | 5 9 12 20 23 27 | 27.0
Dodging        | 8 12 15 19 22 24 27 | 27.0
Fighting       | 5 8 11 14 16 18 21 25 | 25.0
Evocations     | 3 11 16 20 24 27 | 27.0
Shields        | 6 9 13 15 21 27 | 27.0
Earth Magic    | 8 14 17 | 17.0
Armour         | 7 |  7.0
Stealth        | |  2.4

Action                   |  1- 3 |  4- 6 |  7- 9 | 10-12 | 13-15 | 16-18 | 19-21 || total
-------------------------+-------+-------+-------+-------+-------+-------+-------++-------
Melee: Whip              |       |     7 |       |       |       |       |       ||     7
       Halberd           |       |     4 |       |     1 |     3 |       |       ||     8
       Staff             |       |       |       |       |       |     9 |     1 ||    10
 Cast: Shock             |     8 |    10 |       |     2 |       |       |       ||    20
       Magic Dart        |       |     7 |       |       |       |       |       ||     7
       Lightning Bolt    |       |     1 |     8 |    74 |    59 |       |       ||   142
       Swiftness         |       |     1 |       |     3 |     1 |       |       ||     5
       Bolt of Draining  |       |       |       |    13 |    32 |       |       ||    45
       Spellforged Servi |       |       |       |     4 |     2 |       |       ||     6
       Haste             |       |       |       |       |    10 |       |     2 ||    12
       Glaciate          |       |       |       |       |    65 |   101 |   102 ||   268
       Tornado           |       |       |       |       |     1 |     3 |     2 ||     6
       Deflect Missiles  |       |       |       |       |     1 |       |       ||     1
       Chain Lightning   |       |       |       |       |       |    25 |    24 ||    49
       Shatter           |       |       |       |       |       |       |     4 ||     4
Evoke: Staff of energy   |       |       |       |       |    51 |   132 |   108 ||   291
  Use: Potion            |       |     1 |       |       |     1 |       |     5 ||     7
       Scroll            |       |       |       |     1 |       |     1 |     2 ||     4
  Eat: Chunk             |       |     6 |     1 |     4 |     7 |     2 |     2 ||    22
       Fruit             |       |       |       |     6 |    19 |    14 |     1 ||    40
       Bread ration      |       |       |       |       |       |       |     4 ||     4
Armor: Robe              |       |     4 |       |     2 |    17 |    13 |     9 ||    45
Dodge: Dodged            |     2 |    15 |     4 |    11 |    45 |    19 |    13 ||   109
       Deflected         |       |       |       |       |       |     7 |       ||     7
Block: Large shield      |       |       |       |       |       |       |     5 ||     5
